 Dungeon Crawl Stone Soup version 0.21-a0-278-ga722497 (webtiles) character file.

4920 nikopol the Thaumaturge (level 10, -2/52 HPs)
             Began as a Deep Elf Fire Elementalist on Sept 19, 2017.
             Was a Believer of Vehumet.
             Slain by Stiffzip's ghost (15 damage)
             ... on level 9 of the Dungeon on Sept 21, 2017.
             The game lasted 00:43:56 (9444 turns).

nikopol the Thaumaturge (DEFE)                      Turns: 9444, Time: 00:43:56

Health: -2/52      AC:  9    Str:  5    XL:     10   Next: 27%
Magic:  3/27       EV: 14    Int: 24    God:    Vehumet [**....]
Gold:   482        SH:  0    Dex: 15    Spells: 19/32 levels left

rFire    . . .     SeeInvis .   B - +1 long sword (protect)
rCold    . . .     Gourm    .   (no shield)
rNeg     + . .     Faith    +   M - +2 robe {rN+}
rPois    .         Spirit   .   F - +2 helmet
rElec    .         Reflect  .   k - +1 cloak
rCorr    +         Harm     .   (no gloves)
MR       +....                  (no boots)
Stlth    +++.......             d - amulet of faith
HPRegen  0.17/turn              h - ring of wizardry
MPRegen  0.20/turn              O - ring of resist corrosion

@: no status effects
A: no striking features
a: Renounce Religion


You were on level 9 of the Dungeon.
You worshipped Vehumet.
Vehumet was pleased with you.
You were hungry.

You visited 2 branches of the dungeon, and saw 10 of its levels.
You also visited: Sewer.

You collected 482 gold pieces.

Inventory:

Hand Weapons
 f - a +0 short sword
 B - a +1 long sword of protection (weapon)
Armour
 k - a +1 cloak (worn)
 F - a +2 helmet (worn)
 M - a +2 robe of positive energy (worn)
Jewellery
 d - an amulet of faith (around neck)
 h - a ring of wizardry (left hand)
 s - an uncursed ring of ice
 y - a +2 amulet of reflection
 O - a ring of resist corrosion (right hand)
 P - an uncursed ring of ice
 T - an uncursed ring of poison resistance {unknown}
Wands
 j - a wand of digging (11/24)
 A - a wand of clouds (8/9)
 G - a wand of enslavement (9/24)
 J - a wand of polymorph (10/24)
Scrolls
 a - a scroll of recharging
 e - 5 scrolls of teleportation
 g - 11 scrolls of identify
 i - 2 scrolls of immolation
 l - 2 scrolls of enchant armour
 o - 4 scrolls of remove curse
 t - 2 scrolls of fog {unknown}
 I - 2 scrolls of random uselessness {unknown}
 L - a scroll of acquirement {unknown}
 N - 2 scrolls of magic mapping {unknown}
 Q - a scroll of torment {unknown}
Potions
 q - 7 potions of heal wounds
 r - 5 potions of might {unknown}
 u - a potion of berserk rage {unknown}
 v - 2 potions of flight {unknown}
 w - a potion of agility {unknown}
 z - a potion of ambrosia {unknown}
 C - a potion of haste {unknown}
 D - 2 potions of magic {unknown}
 E - 3 potions of curing {unknown}
 H - 2 potions of cancellation {unknown}
 K - a potion of mutation {unknown}
Books
 b - a book of Flames

   Spells                             Type                      Level
   a - Flame Tongue                   Conjuration/Fire             1
   b - Throw Flame                    Conjuration/Fire             2
   c - Conjure Flame                  Conjuration/Fire             3
   d - Inner Flame                    Hexes/Fire                   3
   e - Sticky Flame                   Conjuration/Fire             4
   f - Fireball                       Conjuration/Fire             5
 x - a book of Conjurations

   Spells                             Type                      Level
   a - Magic Dart                     Conjuration                  1
   b - Searing Ray                    Conjuration                  2
   c - Dazzling Spray                 Conjuration/Hexes            3
   d - Fulminant Prism                Conjuration/Hexes            4
   e - Force Lance                    Conjuration/Translocation    4
   f - Iskenderun's Mystic Blast      Conjuration                  4
 S - a book of Air

   Spells                             Type                      Level
   a - Shock                          Conjuration/Air              1
   b - Swiftness                      Charms/Air                   2
   c - Static Discharge               Conjuration/Air              3
   d - Airstrike                      Air                          4
   e - Lightning Bolt                 Conjuration/Air              5
Comestibles
 c - 3 bread rations
 m - 2 royal jellies
 n - 2 fruits
 p - 4 meat rations
 R - 4 chunks of flesh


   Skills:
 + Level 1.1 Fighting
 + Level 3.8 Dodging
 + Level 4.4 Stealth
 + Level 11.9 Spellcasting
 + Level 9.0 Conjurations
 + Level 9.3 Fire Magic


You had 19 spell levels left.
You knew the following spells:

 Your Spells              Type           Power        Failure   Level  Hunger
a - Flame Tongue          Conj/Fire      #####        1%          1    None
b - Throw Flame           Conj/Fire      ######       1%          2    None
c - Conjure Flame         Conj/Fire      ######..     1%          3    None
d - Fireball              Conj/Fire      ######....   1%          5    ###....
e - Searing Ray           Conj           ######       1%          2    None


Dungeon Overview and Level Annotations

Branches:
Dungeon (9/15)             Temple (1/1) D:5
   Lair: D:8-11         Orc: D:9-12

Altars:
Ashenzari
Cheibriados
Dithmenos
Elyvilon
Fedhas
Gozag
Hepliaklqana
Kikubaaqudgha
Makhleb
Nemelex Xobeh
Okawaru
Qazlal
Ru
Sif Muna
Trog
Uskayaw
Vehumet
Xom
Yredelemnul
Zin
The Shining One

Shops:
D:4 :

Annotations:
D:2 Robin
D:9 Stiffzip's ghost, journeyman MiGl


Message History

Press: ? - help, Shift-Dir - straight line, f/p - Stiffzip's ghost
Aim: Stiffzip's ghost (flame, heavily damaged)
The puff of flame hits Stiffzip's ghost.
Stiffzip's ghost is heavily damaged.
Stiffzip's ghost hits you!
You hit Stiffzip's ghost but do no damage.
Stiffzip's ghost is heavily damaged.
Stiffzip's ghost is engulfed in blazing flames.
Stiffzip's ghost hits you!
* * * LOW HITPOINT WARNING * * *
Stiffzip's ghost is engulfed in blazing flames.
Stiffzip's ghost says, "They'll have to sweep you off the floor after I'm finished with you!"
Stiffzip's ghost hits you.
* * * LOW HITPOINT WARNING * * *
Stiffzip's ghost is engulfed in blazing flames.
Stiffzip's ghost wails, "What do you have that I didn't have?"
Stiffzip's ghost barely misses you.
There is a stone staircase leading up here.
Stiffzip's ghost hits you!
You die...

#......†.Y #..# #.# #..#
#.# ######## #..###.#
.......######......####
.......................
.......................
..#####........######...
.......@W......# ...
...............# #..
>.............## #.
#############.# # #...
###.. #.


You could see Stiffzip's ghost.

Vanquished Creatures
  Pikel (D:3)
  An ugly thing (D:9)
  Joseph (D:8)
  A hippogriff (D:8)
  Sigmund (D:5)
  A hungry ghost (D:7)
  Menkaure (D:5)
  Edmund (D:5)
  2 orc warriors
  An ice beast (D:8)
  A sky beast (D:9)
  2 phantoms
  4 slaves
  4 ogres
  3 centaurs
  6 big kobolds
  The ghost of Duskembrace the Sneak, an amateur VSMo (D:4)
  3 bullfrogs
  A gnoll sergeant (D:7)
  A scorpion (D:5)
  5 killer bees (D:8)
  A howler monkey (D:8)
  2 crimson imps
  3 jellies (D:7)
  A bullfrog skeleton (D:4)
  2 hounds
  2 orc wizards (D:4)
  3 orc priests
  Crazy Yiuf (D:2)
  Terence (D:2)
  2 iguanas (D:7)
  3 worker ants (D:6)
  2 hound skeletons
  7 gnolls
  6 adders
  3 river rats
  A shadow imp (D:5)
  3 oozes
  An adder skeleton (D:4)
  2 worms
  4 leopard geckos
  12 orcs
  3 bats
  5 giant cockroaches
  14 goblins
  6 hobgoblins
  4 jackals (D:2)
  26 kobolds
  2 quokkas
  6 ball pythons
  3 frilled lizards
  A jackal skeleton (D:6)
  15 rats
189 creatures vanquished.

Notes
Turn   | Place    | Note
-------+----------+-------------------------------------------
     0 | D:1      | nikopol the Deep Elf Fire Elementalist began the quest for the Orb.
     0 | D:1      | Reached XP level 1. HP: 10/10 MP: 6/6
    60 | D:1      | Reached XP level 2. HP: 15/15 MP: 4/8
   298 | D:1      | Found an iron altar of Okawaru.
   744 | D:2      | Noticed Robin
   747 | D:2      | Reached XP level 3. HP: 19/19 MP: 6/10
  1042 | D:2      | Noticed Terence
  1054 | D:2      | Learned a level 2 spell: Throw Flame
  1058 | D:2      | Learned a level 3 spell: Conjure Flame
  1119 | D:2      | Killed Terence
  1119 | D:2      | Reached skill level 4 in Spellcasting
  1119 | D:2      | Reached XP level 4. HP: 24/24 MP: 4/12
  1639 | D:2      | Found a runed door.
  1643 | D:2      | Noticed Crazy Yiuf
  1650 | D:2      | Killed Crazy Yiuf
  2105 | D:3      | Found a glowing silver altar of Zin.
  2106 | D:3      | Noticed an angel
  2593 | D:4      | Reached XP level 5. HP: 28/28 MP: 9/14
  2600 | D:4      | Learned a level 5 spell: Fireball
  2603 | D:4      | Learned a level 2 spell: Searing Ray
  2717 | D:4      | Noticed Duskembrace's ghost (amateur VSMo)
  2722 | D:4      | Noticed a slave
  2725 | D:4      | Killed Duskembrace's ghost
  2725 | D:4      | Reached skill level 5 in Spellcasting
  2729 | D:4      | Noticed a slave
  2729 | D:4      | Killed a slave
  2764 | D:3      | Killed a slave
  2876 | D:4      | Noticed a slave
  2877 | D:4      | Noticed a slave
  2889 | D:4      | Killed a slave
  2895 | D:4      | Noticed Pikel
  3037 | D:3      | Killed a slave
  3215 | D:3      | Killed Pikel
  3215 | D:3      | Reached skill level 1 in Fighting
  3215 | D:3      | Reached skill level 6 in Spellcasting
  3215 | D:3      | Reached skill level 5 in Fire Magic
  3215 | D:3      | Reached XP level 6. HP: 34/34 MP: 2/17
  3215 | D:3      | Reached XP level 7. HP: 38/38 MP: 2/18
  3413 | D:4      | Found a hazy altar of Hepliaklqana.
  3413 | D:4      | Found an iron altar of Okawaru.
  3540 | D:4      | Found Ceeh's Book Shoppe.
  3688 | D:4      | Reached skill level 7 in Spellcasting
  3894 | D:4      | Reached skill level 5 in Conjurations
  4112 | D:5      | Entered Level 5 of the Dungeon
  4112 | D:5      | Noticed Menkaure
  4115 | D:5      | Killed Menkaure
  4115 | D:5      | Reached XP level 8. HP: 43/43 MP: 14/21
  4390 | D:5      | Noticed Edmund
  4411 | D:5      | Killed Edmund
  4583 | D:5      | Noticed Sigmund
  4858 | D:5      | Found a staircase to the Ecumenical Temple.
  4873 | Temple   | Entered the Ecumenical Temple
  4911 | Temple   | Became a worshipper of Vehumet
  5270 | D:5      | Found a glowing golden altar of the Shining One.
  5356 | D:5      | Killed Sigmund
  5356 | D:5      | Reached skill level 8 in Spellcasting
  5859 | D:6      | Found a glowing drain.
  5872 | Sewer    | Entered a sewer
  6000 | Sewer    | Reached skill level 9 in Spellcasting
  6137 | Sewer    | Upgraded the game from 0.21-a0-274-gc1afaeb to 0.21-a0-278-ga722497
  6195 | Sewer    | Reached * piety under Vehumet
  6195 | Sewer    | Offered knowledge of Sandblast by Vehumet.
  6501 | D:6      | Reached XP level 9. HP: 47/47 MP: 21/24
  7247 | D:7      | Found a bloodstained altar of Trog.
  7290 | D:7      | Reached skill level 10 in Spellcasting
  7940 | D:7      | Found a burning altar of Makhleb.
  8073 | D:7      | Found a sparkling altar of Nemelex Xobeh.
  8374 | D:8      | Offered knowledge of Sting by Vehumet.
  8407 | D:8      | Reached ** piety under Vehumet
  8440 | D:8      | Noticed Joseph
  8444 | D:8      | Killed Joseph
  8444 | D:8      | Reached skill level 11 in Spellcasting
  8821 | D:8      | Reached XP level 10. HP: 42/52 MP: 10/27
  9412 | D:9      | Noticed a white ugly thing
  9412 | D:9      | Noticed Stiffzip's ghost (journeyman MiGl)
  9425 | D:9      | Killed a white ugly thing
  9444 | D:9      | Slain by Stiffzip's ghost

Vault maps used:
D:1:      minmay_arrival_five_plusses, wad_floor_pattern_2,
          minmay_misc_feat_square, okawaru_ov_weapons_minmay
D:2:      hangedman_decor_clover_reticule, uniq_crazy_yiuf_cottage,
          uniq_terence, uniq_robin
D:3:      zin_angel
D:4:      gammafunk_temple_overflow_pools, serial_shops, kennysheep_mini,
          minmay_box_of_dots, uniq_pikel
D:5:      tso_altar, minmay_temple_entry_nine_rooms, first_bread, uniq_sigmund,
          uniq_menkaure, uniq_edmund
D:6:      portal_sewer_entry_a
D:7:      kennysheep_mini_moat, bloody_trog, bloody_makhleb
D:8:      uniq_joseph
D:9:      lemuel_round_altar, uniq_grum
Temple:   dpeg_chambers_temple
Sewer:    sewer_co_tree

Skill      XL: |  1  2  3  4  5  6  7  8  9 10 |
---------------+-------------------------------+-----
Fire Magic     | 4 5 6 7 9 |  9.3
Spellcasting   | 4 6 7 9 11 | 11.9
Conjurations   | 2 4 5 6 8 9 |  9.0
Fighting       | 1 |  1.1
Dodging        | 3 |  3.8
Stealth        | 3 4 |  4.4

Action                   |  1- 3 |  4- 6 |  7- 9 | 10-12 || total
-------------------------+-------+-------+-------+-------++-------
Melee: Short sword       |     3 |       |       |       ||     3
       Long sword        |       |       |       |     2 ||     2
 Cast: Flame Tongue      |    61 |   118 |   278 |    12 ||   469
       Conjure Flame     |     1 |     7 |    12 |     2 ||    22
       Throw Flame       |     1 |     3 |    37 |    12 ||    53
       Searing Ray       |       |       |     2 |       ||     2
       Fireball          |       |       |    15 |     9 ||    24
  Use: Scroll            |       |       |     8 |       ||     8
  Eat: Chunk             |       |     7 |    20 |     2 ||    29
Armor: Robe              |     2 |     4 |    19 |     1 ||    26
Dodge: Dodged            |     8 |     7 |    32 |     2 ||    49
Block: Other             |       |     1 |     5 |       ||     6
       Rpst.: Long sword |       |       |     1 |       ||     1

Table legend:
 A = Spawn XP
 B = Non-spawn XP
 C = Spawn XP percentage of total XP
 D = Spawn monster count
 E = Non-spawn monster count
 F = Spawn count percentage of total count
 G = Total turns spent on level
                    A         B        C        D         E        F      G
               +---------+---------+-------+---------+---------+-------+---------
         Total |       0 |    7029 |   0.0 |       0 |     185 |   0.0 |  9444
               +---------+---------+-------+---------+---------+-------+---------
           D:1 |       0 |      29 |   0.0 |       0 |      16 |   0.0 |   750
           D:2 |       0 |     145 |   0.0 |       0 |      35 |   0.0 |  1205
           D:3 |       0 |     681 |   0.0 |       0 |      12 |   0.0 |  1036
           D:4 |       0 |     405 |   0.0 |       0 |      18 |   0.0 |  1121
           D:5 |       0 |     723 |   0.0 |       0 |      12 |   0.0 |  1413
           D:6 |       0 |     582 |   0.0 |       0 |      17 |   0.0 |   988
           D:7 |       0 |     952 |   0.0 |       0 |      19 |   0.0 |  1038
           D:8 |       0 |    2254 |   0.0 |       0 |      26 |   0.0 |  1035
           D:9 |       0 |     697 |   0.0 |       0 |       2 |   0.0 |    44
         Sewer |       0 |     561 |   0.0 |       0 |      28 |   0.0 |   600
               +---------+---------+-------+---------+---------+-------+---------
